 Dungeon Crawl Stone Soup version 0.21.1-1-g345015f (webtiles) character file.

925 wojtek the Cleaver (level 7, -2/57 HPs)
             Began as a Minotaur Fighter on Apr 2, 2018.
             Slain by Menkaure (15 damage)
             ... on level 3 of the Dungeon.
             The game lasted 00:04:02 (3396 turns).

wojtek the Cleaver (Minotaur Fighter)               Turns: 3396, Time: 00:04:03

Health: -2/57      AC: 10    Str: 23    XL:     7   Next: 84%
Magic:  6/6        EV:  7    Int:  5    God:
Gold:   230        SH:  9    Dex:  9    Spells: 6/6 levels left

rFire    . . .     SeeInvis .   a - +0 war axe
rCold    . . .     Gourm    .   c - +0 shield
rNeg     . . .     Faith    .   b - +0 scale mail
rPois    .         Spirit   .   (helmet restricted)
rElec    .         Reflect  .   s - +0 cloak
rCorr    .         Harm     .   m - +0 pair of gloves
MR       .....                  g - +0 pair of boots
Stlth    ..........             (no amulet)
HPRegen  0.19/turn              (no ring)
MPRegen  0.10/turn              (no ring)

@: no status effects
A: retaliatory headbutt, horns 2
a: no special abilities


You were on level 3 of the Dungeon.
You were not hungry.

You visited 1 branch of the dungeon, and saw 4 of its levels.

You collected 230 gold pieces.

Inventory:

Hand Weapons
 a - a +0 war axe (weapon)
Armour
 b - a +0 scale mail (worn)
 c - a +0 shield (worn)
 g - a +0 pair of boots (worn)
 m - a +0 pair of gloves (worn)
 s - a +0 cloak (worn)
Jewellery
 u - an uncursed ring of stealth {unknown}
Wands
 v - a wand of acid (7)
Scrolls
 h - 3 scrolls of teleportation {unknown}
 i - 8 scrolls of remove curse {unknown}
 j - a scroll of fear {unknown}
 l - a scroll of random uselessness {unknown}
 p - a scroll of noise {unknown}
 r - 2 scrolls of identify {unknown}
 x - a scroll of enchant weapon {unknown}
 y - a scroll of amnesia {unknown}
 B - a scroll of magic mapping {unknown}
Potions
 d - a potion of might
 e - a potion of lignification {unknown}
 k - 5 potions of curing {unknown}
 n - a potion of haste
 o - a potion of berserk rage {unknown}
 q - a potion of heal wounds {unknown}
 t - a potion of brilliance {unknown}
 w - a potion of resistance {unknown}
Books
 z - a book of Changes

   Spells                             Type                      Level
   a - Beastly Appendage              Transmutation                1
   b - Sticks to Snakes               Transmutation                2
   c - Spider Form                    Transmutation/Poison         3
   d - Ice Form                       Ice/Transmutation            4
   e - Blade Hands                    Transmutation                5
Comestibles
 f - 9 rations


   Skills:
 - Level 3.6 Fighting
 + Level 10.9 Axes
 - Level 3.6 Armour
 - Level 3.6 Shields


You had 6 spell levels left.
You didn't know any spells.

Dungeon Overview and Level Annotations

Branches:
Dungeon (4/15)
 Temple: D:4-7

Altars:
Dithmenos
Gozag
Okawaru

Annotations:
D:3 Menkaure
D:4 Totori's ghost, amateur DrFi


Innate Abilities, Weirdness & Mutations

You reflexively headbutt those who attack you in melee.
You have a pair of horns on your head.


Message History

You hit Totori's ghost. You headbutt Totori's ghost.
Totori's ghost is moderately damaged.
Totori's ghost hits you.
You hit Totori's ghost.
You headbutt Totori's ghost, but do no damage.
Totori's ghost is heavily damaged.
Totori's ghost hits you but does no damage.
You hit Totori's ghost but do no damage.
Totori's ghost is heavily damaged.
Totori's ghost completely misses you. Menkaure casts a spell at you.
Pain shoots through your body! Totori's ghost hits you.
You climb upwards.
There is a stone staircase leading down here.
You barely miss Menkaure. Menkaure hits you! x2
* * * LOW HITPOINT WARNING * * *
You are too injured to fight recklessly!
You are too injured to fight recklessly!
You closely miss Menkaure. Menkaure hits you!
You die...

#..###.####.#.#######.#
#..................##.#
................##.##.#
..............#.##.##.#
#.###########.(.##.##.#
#.###########..###.##.#
#................)....#
#############..###.#####
#..M@......#
#.####.###.# #.# #.....#
#.# ####..# #####.# #..#
#.....# #..# #.#####
#..# #.# #..# #.# #..#


You could see Menkaure.

Vanquished Creatures
  Grinder (D:3)
  An ogre (D:3)
  4 big kobolds (D:4)
  A scorpion (D:4)
  2 orc wizards (D:4)
  Natasha (thrice) (D:2)
  4 adders
  2 gnolls (D:4)
  3 worms (D:2)
  A dart slug (D:2)
  2 leopard geckos
  9 orcs
  2 ball pythons
  2 bats
  4 giant cockroaches
  6 goblins
  14 hobgoblins
  4 jackals (D:1)
  34 kobolds
  3 quokkas
  6 frilled lizards
  9 rats
117 creatures vanquished.

Notes
Turn   | Place    | Note
-------+----------+-------------------------------------------
     0 | D:1      | wojtek the Minotaur Fighter began the quest for the Orb.
     0 | D:1      | Reached XP level 1. HP: 19/19 MP: 0/0
    22 | D:1      | Reached skill level 3 in Axes
   369 | D:1      | Reached XP level 2. HP: 26/26 MP: 1/1
   979 | D:2      | Reached skill level 4 in Axes
   979 | D:2      | Reached XP level 3. HP: 26/31 MP: 2/2
   987 | D:2      | Found a shadowy altar of Dithmenos.
  1109 | D:2      | Noticed Natasha
  1124 | D:2      | Killed Natasha
  1124 | D:2      | Reached skill level 5 in Axes
  1124 | D:2      | Reached XP level 4. HP: 16/39 MP: 3/3
  1195 | D:2      | Noticed Natasha
  1199 | D:2      | Killed Natasha
  1202 | D:2      | Noticed Natasha
  1205 | D:2      | Killed Natasha
  1205 | D:2      | Reached skill level 6 in Axes
  1372 | D:2      | Reached XP level 5. HP: 45/45 MP: 4/4
  1566 | D:2      | Found an iron altar of Okawaru.
  1976 | D:3      | Noticed Grinder
  1991 | D:3      | Killed Grinder
  1991 | D:3      | Reached skill level 8 in Axes
  1991 | D:3      | Reached XP level 6. HP: 12/51 MP: 5/5
  2343 | D:3      | Found an opulent altar of Gozag.
  2450 | D:3      | Reached skill level 9 in Axes
  2786 | D:4      | Reached XP level 7. HP: 57/57 MP: 6/6
  2899 | D:4      | Reached skill level 10 in Axes
  3019 | D:4      | Noticed Totori's ghost (amateur DrFi)
  3021 | D:4      | Noticed Menkaure
  3095 | D:4      | HP: 2/57 [Totori's ghost (5)]
  3396 | D:3      | Slain by Menkaure

Skill      XL: |  1  2  3  4  5  6  7 |
---------------+----------------------+-----
Axes           | 3 4 5 6 8 9 10 | 10.9
Fighting       | |  3.6
Armour         | |  3.6
Shields        | |  3.6

Action                   |  1- 3 |  4- 6 |  7- 9 || total
-------------------------+-------+-------+-------++-------
Melee: War axe           |    72 |   115 |    91 ||   278
       Headbutt          |     9 |    11 |    10 ||    30
  Eat: Chunk             |     1 |     5 |     2 ||     8
Armor: Scale mail        |    27 |    58 |    35 ||   120
Dodge: Dodged            |    22 |    34 |    19 ||    75
Block: Shield            |    42 |    63 |    44 ||   149
